 Dungeon Crawl Stone Soup version 0.31.0-11-ge490571c62 (webtiles) character file.

Game seed: 3730923979530994135

256 qw the Shooter (level 5, 0/26 HPs)
             Began as a Spriggan Hunter on Feb 3, 2024.
             Slain by a gnoll
             ... wielding a +0 halberd
              (13 damage)
             ... on level 3 of the Dungeon.
             The game lasted 00:00:06 (1451 turns).

qw the Shooter (Spriggan Hunter)                    Turns: 1451, Time: 00:00:06

Health: 0/26       AC:  2    Str:  7    XL:     5   Next: 92%
Magic:  6/6        EV: 20    Int: 10    God:
Gold:   96         SH:  0    Dex: 21    Spells: 4/4 levels left

rFire   . . .        a - +1 shortbow
rCold   . . .        (shield currently unavailable)
rNeg    . . .        c - +0 robe
rPois   .            (helmet restricted)
rElec   .            (no cloak)
rCorr   .            (gloves unavailable)
SInv    +            (boots unavailable)
Will    .....        (no amulet)
Stlth   ++           (no ring)
HPRegen 0.24/turn    (no ring)
MPRegen 0.10/turn

%: no passive effects
@: very quick
A: very small, no large weapons, unfitting armour, see invisible, speed 3
a: no special abilities


You were on level 3 of the Dungeon.
You visited 1 branch of the dungeon, and saw 3 of its levels.

You collected 96 gold pieces.


Innate Abilities, Weirdness & Mutations

You are very small and have problems with some larger weapons.
You are too small for most types of armour.
You have supernaturally acute eyesight. (SInv)
You cover ground extremely quickly. (Speed+++)


   Skills:
 + Level 1.7 Fighting
 - Level 6.4 Ranged Weapons
 - Level 5.0 Dodging
 - Level 1.5 Stealth


You had 4 spell levels left.
You didn't know any spells.
Your spell library was empty.

Inventory:

Hand Weapons
 a - a +1 shortbow (weapon)
Armour
 c - a +0 robe (worn)
Potions
 d - a potion of curing
 e - a potion of mutation

Dungeon Overview and Level Annotations

Branches:
Dungeon (3/15)

Altars:


Message History

The gnoll completely misses you. The jackal misses you.
You shoot an arrow. The gnoll shouts!
The arrow hits the jackal!
You kill the jackal!
The gnoll hits you from afar with a +0 halberd.
You shoot an arrow.
The arrow hits the gnoll but does no damage.
The gnoll closely misses you.
You shoot an arrow. The arrow closely misses the gnoll.
The gnoll throws a throwing net.
The throwing net completely misses you.
You shoot an arrow. The arrow hits the gnoll.
The gnoll is moderately wounded.
The gnoll misses you.
You shoot an arrow.
The arrow hits the gnoll but does no damage.
The gnoll is moderately wounded.
The gnoll misses you.
A bombardier beetle comes into view.
You shoot an arrow. The arrow hits the gnoll!
The gnoll is almost dead.
The gnoll barely misses you. The gnoll completely misses you.
The gnoll barely misses you.
You shoot an arrow.
The arrow hits the gnoll but does no damage.
The gnoll is almost dead.
The gnoll hits you from afar with a +0 halberd!
The gnoll barely misses you.
You shoot an arrow. The arrow hits the gnoll.
You kill the gnoll!
The gnoll misses you.
You shoot an arrow. The arrow hits the gnoll!
The gnoll is severely wounded.
The gnoll closely misses you.
You shoot an arrow.
The arrow hits the gnoll but does no damage.
The gnoll is severely wounded.
The gnoll hits you from afar with a +0 halberd!
Ouch! That really hurt!
You die...

.# #. #B ## #.
#. ...
###.#####)##..#
.... ..)g.....
#..# #......#
#####..# #@).#
...#..###%..##
#.#..##..)..#
#.##...........#
#..............#
######.#..#...##
#.#[.###....
#.#..# ####
#.#..#


You could see a bombardier beetle and a gnoll.

Vanquished Creatures
  Sigmund (D:2)
  2 gnolls (D:3)
  2 adders (D:2)
  2 dart slugs
  A ribbon worm (D:2)
  3 ball pythons (D:1)
  6 endoplasms
  7 giant cockroaches
  A hobgoblin (D:1)
  2 jackals (D:3)
  2 kobolds
  3 quokkas
  7 bats
  3 frilled lizards
  3 goblins
  3 rats
48 creatures vanquished.

Notes
Turn   | Place    | Note
-------+----------+-------------------------------------------
     0 | D:1      | qw the Spriggan Hunter began the quest for the Orb.
     0 | D:1      | Reached XP level 1. HP: 10/10 MP: 2/2
     0 | D:1      | 0 ||| qw: Version: 0.3-a-157-g843a77d
     0 | D:1      | 0 ||| qw: Game counter: 3898
     0 | D:1      | 0 ||| qw: Melee chars always use a shield: true
     0 | D:1      | 0 ||| qw: God list: Okawaru
     0 | D:1      | 0 ||| qw: Allow faded altars: false
     0 | D:1      | 0 ||| qw: Do Orc after clearing Dungeon:15 true
     0 | D:1      | 0 ||| qw: Do second Lair branch before Depths: true
     0 | D:1      | 0 ||| qw: Lair rune preference: random
     0 | D:1      | 0 ||| qw: Goals: Normal
     0 | D:1      | 0 ||| PLANNING D:1-11
    61 | D:1      | Reached skill level 3 in Dodging
   103 | D:1      | Reached XP level 2. HP: 14/14 MP: 3/3
   379 | D:1      | Reached XP level 3. HP: 18/18 MP: 4/4
   866 | D:1      | 866 ||| READING scroll labelled GYHYCY XISKOD BEZ.
   871 | D:1      | 871 ||| READING scroll labelled YTAGIMYUSH.
   871 | D:1      | 871 ||| ENCHANTING +0 shortbow.
   872 | D:1      | 872 ||| DROPPING scroll of butterflies.
   911 | D:2      | Noticed Sigmund
   913 | D:2      | 913 ||| DRINKING brown potion.
   921 | D:2      | Killed Sigmund
   922 | D:2      | Reached skill level 6 in Ranged Weapons
   922 | D:2      | Reached XP level 4. HP: 11/22 MP: 5/5
   922 | D:2      | Reached XP level 5. HP: 12/25 MP: 6/6
  1253 | D:2      | 1253 ||| READING 2 scrolls labelled USANUI KI LAIR.
  1253 | D:2      | 1253 ||| IDENTIFYING coppery potion
  1254 | D:2      | 1254 ||| READING scroll of identify.
  1254 | D:2      | 1254 ||| IDENTIFYING murky yellow potion
  1255 | D:2      | 1255 ||| READING scroll labelled XYVVOX ZIPNOERO.
  1256 | D:2      | 1256 ||| READING scroll labelled NEVIEM FAEMP.
  1257 | D:2      | 1257 ||| READING scroll labelled ASIDIPS OCOCH.
  1257 | D:2      | 1257 ||| ENCHANTING +1 shortbow.
  1258 | D:2      | 1258 ||| READING scroll labelled ZIXTUJONAK.
  1359 | D:2      | 1359 ||| DROPPING potion of degeneration.
  1410 | D:3      | Identified the +10 quarterstaff "Bot Vu Bur" {flame, rPois
                  | Will++ Dex+2}
  1451 | D:3      | Slain by a gnoll

Levels and vault maps discovered:
D:1:      nicolae_arrival_washed_ashore, layout_basic, minivault_26
D:2:      layout_rooms, uniq_sigmund
D:3:      layout_loops_ring, gammafunk_ghost_arena

Skill      XL: |  1  2  3  4  5 |
---------------+----------------+-----
Dodging        | 3 4 5 |  5.0
Ranged Weapons | 6 |  6.4
Fighting       | |  1.7
Stealth        | |  1.5

Action                     |  1- 3 |  4- 6 || total
---------------------------+-------+-------++-------
   Fire: Shortbow          |    83 |    62 ||   145
    Use: Scroll            |     2 |     6 ||     8
         Potion            |     1 |       ||     1
 Armour: Robe              |    13 |     8 ||    21
  Dodge: Dodged            |    43 |    19 ||    62

Table legend:
 A = Non-vault XP
 B = Vault XP
 C = Vault XP percentage of total XP
 D = Non-vault monster count
 E = Vault monster count
 F = Vault count percentage of total count
                 A         B        C        D         E       F
            +---------+---------+-------+---------+---------+-------
      Total |     135 |     231 |  63.1 |      47 |       1 |   2.1
            +---------+---------+-------+---------+---------+-------
        D:1 |      45 |       0 |   0.0 |      24 |       0 |   0.0
        D:2 |      46 |     231 |  83.4 |      11 |       1 |   8.3
        D:3 |      44 |       0 |   0.0 |      12 |       0 |   0.0
            +---------+---------+-------+---------+---------+-------
